 Dungeon Crawl Stone Soup version 0.28.0-45-g0d030f2227 (webtiles) character file.

Game seed: 13389073588494736775

10792 Descartes the Grappler (level 11, 0/97 HPs)
             Began as a Troll Delver on Apr 13, 2022.
             Was an Initiate of Gozag.
             Slain by a sun demon (10 damage)
             ... in a volcano.
             The game lasted 00:17:26 (7967 turns).

Descartes the Grappler (Troll Delver)               Turns: 7967, Time: 00:17:26

Health: 0/97       AC: 11    Str: 22    XL:     11   Next: 40%
Magic:  15/15      EV:  9    Int: 10    God:    Gozag
Gold:   1762       SH:  0    Dex: 11    Spells: 8/17 levels left

rFire   . . .      SeeInvis .     - Unarmed
rCold   . . .      Faith    .   (no shield)
rNeg    . . .      Spirit   .   H - +2 acid dragon scales
rPois   +          Reflect  .   (helmet restricted)
rElec   .          Harm     .   L - +0 cloak
rCorr   +          Rampage  .   (gloves unavailable)
Will    .....                   (boots unavailable)
Stlth   ++........              t - amulet of the acrobat
HPRegen 1.06/turn               s - ring of poison resistance
MPRegen 0.14/turn               a - ring of flight

@: gold aura, flying, hasted, very quick
A: large, unfitting armour, claws 3, regeneration 1, shaggy fur 1, tough skin 1
a: Renounce Religion, Potion Petition, Call Merchant, Bribe Branch


You were in a volcano.
You worshipped Gozag.
Gozag was most pleased with you.
You visited 3 branches of the dungeon, and saw 11 of its levels.
You also visited: Volcano.

You collected 1791 gold pieces.
You paid 29 gold pieces to Gozag.

Inventory:

Missiles
 h - 208 stones (quivered)
 i - 10 large rocks
 o - 22 poisoned darts
 u - 4 silver javelins
 x - 9 boomerangs
 I - a curare-tipped dart
Armour
 H - +2 acid dragon scales (worn)
 L - a +0 cloak (worn)
Jewellery
 a - a ring of flight (right claw)
 s - a ring of poison resistance (left claw)
 t - an amulet of the acrobat (around neck)
Wands
 f - a wand of digging (15)
 l - a wand of paralysis (14)
 G - a wand of polymorph (19)
 J - a wand of flame (30)
Scrolls
 b - 3 scrolls of fog
 c - 3 scrolls of magic mapping
 d - 2 scrolls of fear
 g - 2 scrolls of enchant weapon
 j - a scroll of brand weapon
 w - 2 scrolls of teleportation {unknown}
 y - a scroll of acquirement {unknown}
 A - a scroll of summoning {unknown}
 D - a scroll of amnesia {unknown}
 E - 2 scrolls of holy word {unknown}
 K - 3 scrolls of silence {unknown}
Potions
 e - 2 potions of haste
 k - 2 potions of curing
 m - 3 potions of degeneration {unknown}
 n - a potion of ambrosia {unknown}
 p - a potion of magic {unknown}
 q - 2 potions of attraction {unknown}
 r - 4 potions of brilliance {unknown}
 z - a potion of lignification {unknown}
 B - 2 potions of heal wounds {unknown}
 C - a potion of cancellation {unknown}
 F - 2 potions of flight {unknown}
Miscellaneous
 v - a phantom mirror


   Skills:
 + Level 3.1 Fighting
 + Level 4.6 Throwing
 + Level 1.6 Armour
 - Level 1.5 Dodging
 - Level 2.7 Stealth
 + Level 13.0 Unarmed Combat
 + Level 3.9 Spellcasting
 + Level 4.7 Transmutations
 + Level 5.8 Earth Magic


You had 8 spell levels left.
You knew the following spells:

 Your Spells              Type           Power      Damage    Failure   Level
a - Petrify               Tmut/Erth      12%        N/A       36%         4
b - Irradiate             Conj/Tmut      3%         3d14      98%         5

Your spell library contained the following spells:

 Spells                   Type           Power      Damage    Failure   Level
 Foxfire                  Conj/Fire      4%         2x1d4     32%         1
 Magic Dart               Conj           4%         1d3       32%         1
 Call Imp                 Summ           1%         N/A       45%         2
 Corpse Rot               Necr/Air       2%         N/A       45%         2
 Poisonous Vapours        Pois/Air       2%         N/A       45%         2
 Static Discharge         Conj/Air       1%         N/A       45%         2
 Sublimation of Blood     Necr           1%         N/A       45%         2
 Conjure Flame            Conj/Fire      1%         6-21      69%         3
 Frozen Ramparts          Ice            2%         1d2       69%         3
 Inner Flame              Hex/Fire       1%         N/A       69%         3
 Mephitic Cloud           Conj/Pois/Air  1%         N/A       69%         3
 Ice Form                 Ice/Tmut       6%         N/A       77%         4
 Dispel Undead            Necr           1%         3d6       97%         4
 Flame Wave               Conj/Fire      1%         2d4       97%         4
 Sticky Flame             Conj/Fire      1%         2d3       97%         4
 Summon Ice Beast         Ice/Summ       1%         N/A       97%         4


Dungeon Overview and Level Annotations

Branches:
Dungeon (9/15)             Temple (1/1) D:4            Lair (1/6) D:9
Volcano (1/1)
    Orc: D:9-12

Altars:
Ashenzari
Cheibriados
Elyvilon
Fedhas
Gozag
Hepliaklqana
Kikubaaqudgha
Qazlal
Ru
Sif Muna
Uskayaw
Vehumet
Wu Jian
Xom
Yredelemnul
Zin
The Shining One

Annotations:
D:5 2 transporters, CInkIbrahim's ghost, novice OpBe Volcano exclusion: obsidian statue


Innate Abilities, Weirdness & Mutations

You are too large for most types of armour.
You have claws for hands.
Your natural rate of healing is unusually fast.
You are covered in fur. (AC +1)
You have tough skin. (AC +1)


Message History

You scratch the hell hound but do no damage.
Unknown command.
You mangle the hell hound!!
You kill the hell hound!
The obsidian statue is distracted by your dazzling golden aura.
Your Unarmed Combat skill increases to level 13!
You scratch the sun demon but do no damage.
The sun demon hits you!
You are engulfed in flames!
Okay, then.
As you read the scroll of fear, it crumbles to dust.
You assume a fearsome visage.
The hell hound looks frightened!
The obsidian statue is unaffected.
The sun demon resists with almost no effort.
The sun demon completely misses you.
Unknown command.
You scratch the sun demon but do no damage.
You claw the sun demon!
The sun demon is lightly wounded.
The sun demon barely misses you.
You claw the sun demon!
The sun demon is heavily wounded.
The sun demon barely misses you.
You barely miss the sun demon.
You claw the sun demon, but do no damage.
The sun demon is moderately wounded.
Unknown command.
You scratch the sun demon but do no damage.
The sun demon is moderately wounded.
The obsidian statue is no longer distracted by gold.
The sun demon hits you!!
* * * LOW HITPOINT WARNING * * *
You are engulfed in flames!
* * * LOW HITPOINT WARNING * * *
Okay, then.
You scratch the sun demon but do no damage.
The sun demon is moderately wounded.
The white imp puffs mist at you. The sun demon hits you!
You die...
Your body crumbles into a pile of gold.

##.§...###8.8#
##...## ##.##
##..# #.# ##.#
#+######## ####*
#........##
**,.8##########..#
*,,,.5#○#☼#≈#≈##.#
*,,,#3#≈#☼#≈#≈##.#
*,,,#@#≈#○#≈#≈#..#
*,,,##☼........#8#
*,_,*#☼#≈#≈#≈#≈###
*,,,*#☼#○#☼#≈#≈#
**∩,*#☼#○#☼#≈#≈#
****###########


You could see an obsidian statue, a sun demon and a white imp (summoned).

Vanquished Creatures
  A two-headed ogre (D:8)
  2 skeletal warriors
  2 cyclopes (D:7)
  3 elephants (Lair:1)
  A black mamba (Lair:1)
  A komodo dragon (Lair:1)
  2 trolls (D:9)
  Grinder (D:3)
  A meliai zombie (D:8)
  6 yaks (D:8)
  A wyvern (D:9)
  3 fire bats (Volcano)
  A basilisk (Lair:1)
  A steam dragon (D:8)
  Edmund (D:6)
  3 water moccasins
  A hell hound (Volcano)
  2 orc warriors
  An ice beast (D:4)
  A black bear (D:4)
  5 necrophages
  2 ogres
  2 wolves (D:9)
  A centaur (D:5)
  A kobold brigand (D:9)
  3 bullfrogs
  Blork the orc (D:6)
  4 scorpions
  A water moccasin skeleton (D:5)
  12 killer bees
  An electric eel (D:9)
  2 centaur zombies
  A bullfrog zombie (D:4)
  6 jellies
  6 orc priests
  A gnoll shaman (D:7)
  6 hounds
  A bullfrog skeleton (D:5)
  An iron imp (D:5)
  13 orc wizards
  3 iguanas (D:6)
  A killer bee zombie (D:9)
  2 hound skeletons
  A howler monkey zombie (D:8)
  5 gnolls (D:7)
  5 adders
  A shadow imp (D:5)
  A white imp (D:6)
  An ufetubus (D:4)
  2 worms
  3 dart slugs
  30 orcs
  12 ball pythons
  A bat (D:2)
  5 endoplasms
  5 giant cockroaches
  6 goblins
  9 hobgoblins
  14 jackals
  16 kobolds
  8 quokkas
  2 frilled lizards
  2 goblin skeletons (D:5)
  A goblin zombie (D:5)
  3 hobgoblin zombies (D:5)
  3 kobold skeletons (D:5)
  An orc skeleton (D:5)
  2 orc zombies (D:5)
  5 rats
255 creatures vanquished.

Notes
Turn   | Place    | Note
-------+----------+-------------------------------------------
     0 | D:5      | Descartes the Troll Delver began the quest for the Orb.
     0 | D:5      | Reached XP level 1. HP: 22/22 MP: 0/0
     4 | D:5      | Noticed a scorpion
    12 | D:5      | Killed a scorpion
    13 | D:5      | Reached skill level 4 in Unarmed Combat
    13 | D:5      | Reached XP level 2. HP: 13/29 MP: 1/1
    13 | D:5      | Reached XP level 3. HP: 16/36 MP: 2/2
    77 | D:5      | Found a glowing golden altar of the Shining One.
    97 | D:5      | Reached XP level 4. HP: 41/44 MP: 3/3
   129 | D:5      | Reached skill level 5 in Unarmed Combat
   136 | D:5      | Reached XP level 5. HP: 29/50 MP: 4/4
   215 | D:5      | Noticed an ogre
   219 | D:5      | Killed an ogre
   220 | D:5      | Reached skill level 6 in Unarmed Combat
   225 | D:5      | Reached XP level 6. HP: 43/59 MP: 5/5
   362 | D:5      | Reached skill level 7 in Unarmed Combat
   447 | D:5      | Reached XP level 7. HP: 64/66 MP: 6/6
   515 | D:5      | Found a transporter.
   515 | D:5      | Noticed CInkIbrahim's ghost (novice OpBe)
   548 | D:5      | Reached skill level 8 in Unarmed Combat
   764 | D:5      | Found a transporter.
   995 | D:4      | Reached skill level 9 in Unarmed Combat
  1171 | D:4      | Reached XP level 8. HP: 72/74 MP: 7/7
  1259 | D:4      | Reached skill level 10 in Unarmed Combat
  1587 | D:4      | Found a staircase to the Ecumenical Temple.
  1595 | Temple   | Entered the Ecumenical Temple
  1820 | Temple   | Became a worshipper of Gozag Ym Sagoz the Greedy
  2223 | D:3      | Found a hide-covered altar of Uskayaw.
  2223 | D:3      | Found a stormy altar of Qazlal.
  2223 | D:3      | Found a sacrificial altar of Ru.
  2374 | D:3      | Noticed Grinder
  2388 | D:3      | Killed Grinder
  2389 | D:3      | Reached skill level 11 in Unarmed Combat
  3236 | D:1      | Found a faded altar of an unknown god.
  3365 | D:1      | Learned a level 4 spell: Petrify
  3872 | D:6      | Noticed Edmund
  3881 | D:6      | Killed Edmund
  3882 | D:6      | Reached skill level 1 in Earth Magic
  3966 | D:6      | Noticed Blork the orc
  3971 | D:6      | Killed Blork the orc
  3972 | D:6      | Reached skill level 1 in Transmutations
  3972 | D:6      | Reached XP level 9. HP: 70/80 MP: 7/9
  4003 | D:6      | Reached skill level 1 in Spellcasting
  4475 | D:7      | Noticed a cyclops
  4565 | D:7      | Killed a cyclops
  4590 | D:7      | Reached skill level 12 in Unarmed Combat
  4734 | D:7      | Reached skill level 1 in Throwing
  5055 | D:7      | Noticed a cyclops
  5061 | D:7      | Killed a cyclops
  5201 | D:8      | Noticed a two-headed ogre
  5212 | D:8      | Killed a two-headed ogre
  5213 | D:8      | Reached XP level 10. HP: 30/88 MP: 11/13
  5277 | D:8      | Learned a level 5 spell: Irradiate
  6144 | D:9      | Noticed a skeletal warrior
  6144 | D:9      | Noticed a skeletal warrior
  6145 | D:9      | Noticed a skeletal warrior
  6145 | D:9      | Noticed a skeletal warrior
  6332 | D:9      | Found a staircase to the Lair.
  6532 | D:9      | Reached skill level 5 in Earth Magic
  7159 | D:9      | HP: 4/88 [killer bee (7)]
  7297 | D:9      | Killed a skeletal warrior
  7298 | D:9      | Reached XP level 11. HP: 14/94 MP: 15/15
  7452 | D:8      | Killed a skeletal warrior
  7592 | Lair:1   | Entered Level 1 of the Lair of Beasts
  7642 | Lair:1   | Reached skill level 1 in Armour
  7819 | Lair:1   | Found a dark tunnel.
  7868 | Volcano  | Entered a volcano
  7955 | Volcano  | Noticed an obsidian statue
  7957 | Volcano  | Noticed a sun demon
  7960 | Volcano  | Reached skill level 13 in Unarmed Combat
  7967 | Volcano  | Slain by a sun demon

Illustrated notes

Levels and vault maps discovered:
D:1:      lightli_iron_boxes, layout_loops_ring, nicolae_ecumenical_lake_church,
          hangedman_decor_push
D:2:      layout_basic
D:3:      layout_basic, gammafunk_temple_overflow_claw, uniq_grinder
D:4:      cheibrodos_barr_body, layout_cave_pools,
          minmay_temple_entry_proselytizer
D:5:      layout_loops_ring, nicolae_tso_besieged_by_evil, gammafunk_ghost_arena
D:6:      layout_rooms, uniq_edmund, uniq_blork_the_orc
D:7:      layout_rooms
D:8:      layout_gridville
D:9:      layout_irregular_city, erik_lair_island
Temple:   nicolae_temple_figure_eight
Lair:1:   layout_chaotic_city, nicolae_volcano_entry_lava_flow
Volcano:  volcano_grotto [vgs_trial_by_fire]

Skill      XL: |  1  2  3  4  5  6  7  8  9 10 11 |
---------------+----------------------------------+-----
Unarmed Combat | 4 5 6 7 9 11 12 13 | 13.0
Earth Magic    | 1 4 5 |  5.8
Transmutations | 1 3 4 |  4.7
Spellcasting   | 2 3 |  3.9
Throwing       | 2 4 |  4.6
Armour         | 1 |  1.6
Fighting       | 3 |  3.1
Dodging        | |  1.5
Stealth        | |  2.7

Action                   |  1- 3 |  4- 6 |  7- 9 | 10-12 || total
-------------------------+-------+-------+-------+-------++-------
Melee: Unarmed           |    17 |    88 |   364 |   297 ||   766
       Punch             |       |     2 |    17 |    15 ||    34
Evoke: Wand              |       |       |     1 |     2 ||     3
  Use: Scroll            |       |       |     6 |     4 ||    10
       Potion            |       |       |       |     3 ||     3
 Stab: Distracted        |       |     1 |     2 |     3 ||     6
       Sleeping          |       |       |    14 |       ||    14
       Paralysed         |       |       |     1 |       ||     1
Armor: Robe              |     2 |    24 |    63 |       ||    89
       Acid dragon scale |       |       |     1 |   102 ||   103
Dodge: Dodged            |     7 |    27 |   147 |   203 ||   384
